 Dungeon Crawl Stone Soup version 0.23.0 (webtiles) character file.

Game seed: 17759759379392184719

1010 Dantiko the Cleaver (level 8, -1/66 HPs)
             Began as a Hill Orc Fighter on Feb 12, 2019.
             Slain by Menkaure (13 damage)
             ... on level 5 of the Dungeon.
             The game lasted 00:08:38 (4037 turns).

Dantiko the Cleaver (Hill Orc Fighter)              Turns: 4037, Time: 00:08:38

Health: -1/66      AC: 10    Str: 21    XL:     8   Next: 21%
Magic:  8/8        EV:  7    Int:  8    God:
Gold:   186        SH:  9    Dex: 10    Spells: 7/7 levels left

rFire    . . .     SeeInvis .   a - +0 war axe
rCold    . . .     Gourm    .   c - +0 shield
rNeg     . . .     Faith    .   b - +0 scale mail
rPois    .         Spirit   .   s - +0 helmet
rElec    .         Reflect  .   m - +0 cloak
rCorr    .         Harm     .   o - +0 pair of gloves
MR       .....                  (no boots)
Stlth    ..........             (no amulet)
HPRegen  0.21/turn              (no ring)
MPRegen  0.11/turn              (no ring)

@: no status effects
A: no striking features
a: no special abilities


You were on level 5 of the Dungeon.
You were not hungry.

You visited 2 branches of the dungeon, and saw 6 of its levels.

You collected 186 gold pieces.

Inventory:

Hand Weapons
 a - a +0 war axe (weapon)
Armour
 b - a +0 scale mail (worn)
 c - a +0 shield (worn)
 m - a +0 cloak (worn)
 o - a +0 pair of gloves (worn)
 s - a +0 helmet (worn)
Jewellery
 r - a cursed ring of attention {unknown}
 v - a +1 ring of slaying {unknown}
Scrolls
 g - 3 scrolls of remove curse {unknown}
 h - 8 scrolls of identify {unknown}
 i - a scroll of immolation {unknown}
 j - 3 scrolls of fear {unknown}
 k - 2 scrolls of magic mapping {unknown}
 l - a scroll of fog {unknown}
 n - a scroll of blinking {unknown}
 q - a scroll of teleportation {unknown}
 t - a scroll of amnesia {unknown}
 x - 3 scrolls of noise {unknown}
Potions
 d - a potion of might
 e - a potion of mutation {unknown}
 p - a potion of lignification {unknown}
 u - 2 potions of brilliance {unknown}
 z - a potion of berserk rage {unknown}
Comestibles
 f - 13 rations


   Skills:
 - Level 4.0 Fighting
 + Level 11.9 Axes
 - Level 3.2 Armour
 - Level 3.2 Shields


You had 7 spell levels left.
You didn't know any spells.
Your spell library was empty.

Dungeon Overview and Level Annotations

Branches:
Dungeon (5/15)             Temple (1/1) D:4

Altars:
Ashenzari
Cheibriados
Dithmenos
Elyvilon
Fedhas
Gozag
Kikubaaqudgha
Makhleb
Okawaru
Qazlal
Sif Muna
Trog
Vehumet
Wu Jian
Xom
Yredelemnul
Zin
The Shining One

Annotations:
D:5 Menkaure


Message History

You slash the centaur!
You kill the centaur!
You hit the quokka but do no damage. You block the quokka's attack.
Menkaure calls on the powers of darkness!
Your body is wracked with pain!
The quokka bites you but does no damage.
You barely miss the quokka.
The quokka is severely wounded.
You slash the crimson imp!
The crimson imp hits you but does no damage.
You block the quokka's attack. Menkaure hits you!!
* * * LOW HITPOINT WARNING * * *
You see here an arrow.
You hit Menkaure.
Menkaure is lightly damaged.
You closely miss the quokka.
The quokka bites you but does no damage.
Menkaure hits you!
You die...

## .#
####.#
#..5.#
#r# #@#
#M#
##(#
#.<#
#..?(.#
###.#.#
#. .#
#. .#
[. .#


You could see Menkaure, a crimson imp and a quokka.

Vanquished Creatures
  Sigmund (D:3)
  A phantom (D:4)
  An ogre (D:3)
  The ghost of sokol815 the Insei, an amateur GnWn (D:3)
  A centaur (D:5)
  A hound (D:2)
  An orc priest (D:4)
  Crazy Yiuf (D:2)
  A bullfrog skeleton (D:3)
  A gnoll shaman (D:4)
  An iguana (D:4)
  2 orc wizards
  Jessica (D:3)
  Terence (D:3)
  Natasha (twice) (D:2)
  A hound skeleton (D:3)
  4 gnolls (D:4)
  7 adders
  An adder skeleton (D:3)
  4 dart slugs
  A worm (D:2)
  4 leopard geckos
  10 orcs
  8 bats
  A giant cockroach (D:2)
  6 goblins
  4 hobgoblins
  4 jackals (D:4)
  2 quokkas
  2 ball pythons
  2 frilled lizards
  6 kobolds
  A quokka skeleton (D:3)
  6 rats
91 creatures vanquished.

Notes
Turn   | Place    | Note
-------+----------+-------------------------------------------
     0 | D:1      | Dantiko the Hill Orc Fighter began the quest for the Orb.
     0 | D:1      | Reached XP level 1. HP: 19/19 MP: 1/1
    12 | D:1      | Reached skill level 3 in Axes
    61 | D:1      | Reached XP level 2. HP: 27/27 MP: 2/2
   560 | D:1      | Reached skill level 4 in Axes
   594 | D:1      | Reached XP level 3. HP: 32/33 MP: 3/3
   858 | D:2      | Reached skill level 5 in Axes
  1108 | D:2      | Found a glowing silver altar of Zin.
  1136 | D:2      | Reached XP level 4. HP: 40/40 MP: 4/4
  1269 | D:2      | Noticed Natasha
  1278 | D:2      | Killed Natasha
  1278 | D:2      | Reached skill level 6 in Axes
  1468 | D:2      | Found a runed translucent door.
  1469 | D:2      | Noticed Crazy Yiuf
  1485 | D:2      | Killed Crazy Yiuf
  1485 | D:2      | Reached XP level 5. HP: 6/46 MP: 5/5
  1791 | D:2      | Noticed Natasha
  1799 | D:2      | Killed Natasha
  1799 | D:2      | Reached skill level 7 in Axes
  1860 | D:2      | Found a burning altar of Makhleb.
  2066 | D:3      | Noticed Jessica
  2068 | D:3      | Killed Jessica
  2068 | D:3      | Reached skill level 8 in Axes
  2068 | D:3      | Reached XP level 6. HP: 45/52 MP: 6/6
  2095 | D:3      | Noticed Sigmund
  2106 | D:3      | Killed Sigmund
  2106 | D:3      | Reached skill level 9 in Axes
  2332 | D:3      | Noticed Terence
  2346 | D:3      | Killed Terence
  2445 | D:3      | Found a transporter.
  2445 | D:3      | Noticed sokol815's ghost (amateur GnWn)
  2479 | D:3      | Reached XP level 7. HP: 58/59 MP: 7/7
  2516 | D:3      | Found a transporter.
  2614 | D:3      | Reached skill level 10 in Axes
  2915 | D:3      | Killed sokol815's ghost
  3104 | D:4      | Reached skill level 11 in Axes
  3240 | D:4      | Found a staircase to the Ecumenical Temple.
  3248 | Temple   | Entered the Ecumenical Temple
  3541 | D:4      | Reached XP level 8. HP: 55/66 MP: 8/8
  4025 | D:5      | Entered Level 5 of the Dungeon
  4025 | D:5      | Noticed Menkaure
  4037 | D:5      | Slain by Menkaure

Skill      XL: |  1  2  3  4  5  6  7 |
---------------+----------------------+-----
Axes           | 3 4 5 6 8 9 11 | 11.9
Fighting       | 4 |  4.0
Armour         | |  3.2
Shields        | |  3.2

Action                   |  1- 3 |  4- 6 |  7- 9 || total
-------------------------+-------+-------+-------++-------
Melee: War axe           |    78 |   127 |   141 ||   346
  Use: Potion            |       |     2 |       ||     2
  Eat: Chunk             |     1 |     4 |     5 ||    10
Armor: Scale mail        |    28 |    58 |    62 ||   148
Dodge: Dodged            |    29 |    30 |    36 ||    95
Block: Shield            |    40 |    70 |    74 ||   184
